 Dungeon Crawl Stone Soup version 0.20.1-1-g8b1a95d (webtiles) character file.

4911 homeworkjunkie the Cleaver (level 10, -4/88 HPs)
             Began as a Hill Orc Fighter on Nov 8, 2017.
             Was a Priest of Okawaru.
             Killed themself with a badly aimed iceblast (10 damage)
             ... on level 7 of the Dungeon.
             The game lasted 00:16:49 (8931 turns).

homeworkjunkie the Cleaver (Hill Orc Fighter)       Turns: 8931, Time: 00:16:50

Health: -4/88      AC: 12    Str: 25    XL:     10   Next: 51%
Magic:  13/13      EV:  7    Int:  8    God:    Okawaru [***...]
Gold:   309        SH: 12    Dex: 10    Spells: 9/9 levels left

rFire    . . .     SeeInvis .   a - +0 war axe
rCold    . . .     Gourm    .   c - +1 shield
rNeg     . . .     Faith    .   h - +0 chain mail
rPois    .         Spirit   .   (no helmet)
rElec    .         Reflect  .   (no cloak)
rCorr    .         Harm     .   z - +1 pair of gloves {archery}
MR       .....                  (no boots)
Stlth    ..........             (no amulet)
Regen    0.3/turn               x - ring of wizardry
MPRegen  0.2/turn               p - +2 ring of strength

@: no status effects
A: no striking features
a: Heroism, Renounce Religion


You were on level 7 of the Dungeon.
You worshipped Okawaru.
Okawaru was most pleased with you.
You were full.

You visited 2 branches of the dungeon, and saw 10 of its levels.

You collected 309 gold pieces.

Inventory:

Hand Weapons
 a - a +0 war axe (weapon)
Missiles
 k - 7 javelins (quivered)
Armour
 c - a +1 shield (worn)
 h - a +0 chain mail (worn)
 z - a +1 pair of gloves of archery (worn)
Jewellery
 j - an uncursed ring of stealth
 p - a +2 ring of strength (right hand)
 t - an uncursed ring of magical power
 v - an uncursed ring of flight
 x - a ring of wizardry (left hand)
Wands
 q - a wand of iceblast (9/15)
Scrolls
 l - a scroll of identify
 w - 2 scrolls of remove curse
Potions
 b - a potion of haste {unknown}
 d - a potion of magic {unknown}
 e - 2 potions of brilliance
 i - 2 potions of cancellation
 m - a potion of mutation {unknown}
 r - a potion of agility {unknown}
 u - a potion of invisibility {unknown}
 A - a potion of lignification
Comestibles
 f - 4 bread rations
 g - 2 meat rations


   Skills:
 * Level 8.1 Fighting
 * Level 12.1 Axes
 + Level 0.6 Throwing
 * Level 7.0 Armour
 + Level 1.5 Dodging
 + Level 1.0 Stealth
 * Level 7.8 Shields
 + Level 0.4 Unarmed Combat
 * Level 4.7 Evocations


You had 9 spell levels left.
You didn't know any spells.

Dungeon Overview and Level Annotations

Branches:
Dungeon (9/15)             Temple (1/1) D:5
   Lair: D:8-11         Orc: D:9-12

Altars:
Cheibriados
Dithmenos
Fedhas
Kikubaaqudgha
Makhleb
Nemelex Xobeh
Okawaru
Ru
Sif Muna
Uskayaw
Xom
Yredelemnul
Zin
The Shining One

Shops:
D:6 }

Annotations:
D:7 ThereIsNoGod's ghost, novice TrFi


Message History

You closely miss ThereIsNoGod's ghost.
ThereIsNoGod's ghost is almost destroyed.
ThereIsNoGod's ghost hits you!!
* * * LOW HITPOINT WARNING * * *
You hit ThereIsNoGod's ghost but do no damage.
ThereIsNoGod's ghost is almost destroyed.
ThereIsNoGod's ghost wails.
ThereIsNoGod's ghost hits you!
* * * LOW HITPOINT WARNING * * *
Evoke which item? (* to show all) (? for menu, Esc to quit)
Aiming: Iceblast
Press: ? - help, Shift-Dir - straight line, f/p - ThereIsNoGod's ghost
Aim: ThereIsNoGod's ghost (almost destroyed) That beam is likely to hit you.
Continue anyway?
The mass of ice explodes!
The iceblast engulfs ThereIsNoGod's ghost.
ThereIsNoGod's ghost partially resists.
ThereIsNoGod's ghost is almost destroyed.
The iceblast engulfs you!
You die...

....#.###......## #...
....#.###......# ....
....#.##.......# .....
....#.##......## ##.
...... ....#.##.....##
##... .......
....#.##.....# ##.....
...##. ......##...###
##....... ####.###..##
##........ #.#
########.@W...... #.#
#####............
####.###...[[...........
............[...........
...........##...........
..........###...........
........####............
........# #............
........# #...........


You could see ThereIsNoGod's ghost.

Vanquished Creatures
  Pikel (D:5)
  The ghost of Linguinho the Insei, a novice DsMo of Qazlal (D:6)
  A hungry ghost (D:7)
  Edmund (D:6)
  Duvessa (D:5)
  A water moccasin (D:7)
  An orc warrior (D:8)
  2 sky beasts
  5 phantoms
  2 ice beasts (D:7)
  A black bear (D:7)
  6 ogres
  2 centaurs
  Blork the orc (D:6)
  2 bullfrogs (D:6)
  Dowan (D:5)
  6 scorpions
  4 killer bees (D:7)
  5 wights (D:7)
  A howler monkey (D:6)
  A bullfrog zombie (D:6)
  3 crimson imps
  2 jellies
  A centaur zombie (D:7)
  4 hounds
  2 bullfrog skeletons
  An iguana (D:5)
  5 orc wizards
  6 worker ants
  A hound skeleton (D:4)
  A worker ant zombie (D:6)
  7 adders
  4 gnolls (D:4)
  A shadow imp (D:7)
  An ooze (D:2)
  An adder zombie (D:5)
  2 adder skeletons
  6 dart slugs
  7 leopard geckos
  17 orcs
  17 giant cockroaches
  8 goblins
  8 hobgoblins
  7 jackals
  2 quokkas
  8 bats
  7 frilled lizards
  A jackal skeleton (D:4)
  A jackal zombie (D:6)
  5 kobolds
  A leopard gecko zombie (D:6)
  2 quokka skeletons (D:6)
  2 quokka zombies
  9 rats
  6 fungi (D:5)
202 creatures vanquished.

Vanquished Creatures (others)
  Eustachio (D:5)
  2 slaves (D:5)
  An ogre (D:5)
  2 fungi (D:5)
6 creatures vanquished.

Grand Total: 208 creatures vanquished

Notes
Turn   | Place    | Note
-------+----------+-------------------------------------------
     0 | D:1      | homeworkjunkie the Hill Orc Fighter began the quest for the Orb.
     0 | D:1      | Reached XP level 1. HP: 19/19 MP: 1/1
    32 | D:1      | Reached XP level 2. HP: 20/27 MP: 2/2
   156 | D:2      | Found a snail-covered altar of Cheibriados.
   156 | D:2      | Found a sacrificial altar of Ru.
   161 | D:2      | Reached skill level 3 in Axes
   205 | D:1      | Reached XP level 3. HP: 27/33 MP: 3/3
   493 | D:2      | Found a glowing golden altar of the Shining One.
   740 | D:3      | Reached XP level 4. HP: 37/40 MP: 4/4
   810 | D:3      | Reached skill level 4 in Axes
   889 | D:3      | Reached XP level 5. HP: 23/47 MP: 5/5
  1471 | D:3      | Found an iron altar of Okawaru.
  1473 | D:3      | Found a shimmering altar of Xom.
  1473 | D:3      | Found a glowing golden altar of the Shining One.
  1475 | D:3      | Found a stormy altar of Qazlal.
  1475 | D:3      | Found a white marble altar of Elyvilon.
  1475 | D:3      | Found a sparkling altar of Nemelex Xobeh.
  1585 | D:4      | Reached skill level 5 in Axes
  2367 | D:1      | Reached skill level 1 in Evocations
  2481 | D:4      | Noticed an ogre
  2489 | D:4      | Noticed a phantom
  2489 | D:4      | HP: 1/47 [ogre/giant spiked club (20)]
  2490 | D:4      | Killed an ogre
  2490 | D:4      | Reached XP level 6. HP: 1/53 MP: 5/7
  2500 | D:4      | Killed a phantom
  2500 | D:4      | Reached skill level 6 in Axes
  3077 | D:5      | Entered Level 5 of the Dungeon
  3085 | D:4      | Reached XP level 7. HP: 60/60 MP: 8/8
  3124 | D:4      | Reached skill level 5 in Fighting
  3416 | D:4      | Reached skill level 7 in Axes
  3998 | D:5      | Reached skill level 5 in Shields
  4194 | D:5      | Reached skill level 5 in Armour
  4194 | D:5      | Reached XP level 8. HP: 42/68 MP: 9/9
  4397 | D:5      | Noticed Eustachio
  4408 | D:5      | Noticed Pikel
  4472 | D:5      | Killed Pikel
  4472 | D:5      | Reached skill level 8 in Axes
  4493 | D:5      | Found a hide-covered altar of Uskayaw.
  4530 | D:5      | Killed Eustachio
  4783 | D:5      | Noticed Dowan
  4784 | D:5      | Noticed Duvessa
  4787 | D:5      | Killed Dowan
  4804 | D:5      | Killed Duvessa
  4804 | D:5      | Reached skill level 9 in Axes
  4816 | D:5      | Reached XP level 9. HP: 35/78 MP: 11/11
  4970 | D:5      | Found a staircase to the Ecumenical Temple.
  4991 | Temple   | Entered the Ecumenical Temple
  5104 | Temple   | Became a worshipper of Warmaster Okawaru
  5480 | D:6      | Noticed Blork the orc
  5487 | D:6      | Killed Blork the orc
  5899 | D:6      | Reached skill level 10 in Axes
  6005 | D:6      | Noticed Edmund
  6008 | D:6      | Noticed Linguinho's ghost (novice DsMo)
  6014 | D:6      | Killed Edmund
  6014 | D:6      | Reached skill level 1 in Stealth
  6020 | D:6      | Killed Linguinho's ghost
  6020 | D:6      | Reached * piety under Okawaru
  6020 | D:6      | Reached skill level 1 in Dodging
  6053 | D:6      | Found Ichesih's Gadget Emporium.
  6148 | D:7      | Noticed ThereIsNoGod's ghost (novice TrFi)
  6367 | D:6      | Reached skill level 11 in Axes
  6463 | D:6      | Found a deep blue altar of Sif Muna.
  6572 | D:6      | Reached ** piety under Okawaru
  7013 | D:7      | Reached XP level 10. HP: 57/86 MP: 13/13
  7508 | D:7      | Found a burning altar of Makhleb.
  7716 | D:7      | HP: 5/132 [killer bee (5)]
  8276 | D:7      | Reached skill level 12 in Axes
  8368 | D:7      | Reached *** piety under Okawaru
  8931 | D:7      | Killed themself with a badly aimed iceblast

Skill      XL: |  1  2  3  4  5  6  7  8  9 10 |
---------------+-------------------------------+-----
Fighting       | 4 5 6 7 8 |  8.1
Axes           | 3 4 5 6 7 9 11 12 | 12.1
Shields        | 4 5 6 7 |  7.8
Armour         | 4 5 6 7 |  7.0
Evocations     | 1 2 3 4 |  4.7
Stealth        | 1 |  1.0
Dodging        | 1 |  1.5
Throwing       | |  0.6
Unarmed Combat | |  0.4

Action                   |  1- 3 |  4- 6 |  7- 9 | 10-12 || total
-------------------------+-------+-------+-------+-------++-------
Melee: War axe           |   112 |   135 |   334 |   201 ||   782
       Unarmed           |       |       |    16 |       ||    16
Throw: Javelin           |       |       |     7 |     3 ||    10
Evoke: Wand              |       |     3 |     5 |     6 ||    14
  Use: Scroll            |     2 |     6 |     4 |     2 ||    14
       Potion            |       |     1 |       |    10 ||    11
 Stab: Held in net/web   |       |       |     2 |       ||     2
       Paralysed         |       |       |     3 |       ||     3
  Eat: Meat ration       |       |     1 |     1 |     1 ||     3
       Bread ration      |       |     1 |       |     2 ||     3
       Royal jelly       |       |       |     2 |       ||     2
       Fruit             |       |       |     3 |       ||     3
Armor: Scale mail        |    41 |    29 |       |       ||    70
       Chain mail        |       |    37 |   122 |    95 ||   254
       Skin              |       |       |     8 |    63 ||    71
Dodge: Dodged            |    41 |    36 |    67 |    50 ||   194
Block: Shield            |    72 |    79 |   162 |   178 ||   491
